 Dungeon Crawl Stone Soup version 0.23.2-1-ga50397a (webtiles) character file.

Game seed: 9181201862902086710

425 MalarOregon the Poker (level 6, 46/48 HPs)
             Began as a Merfolk Skald on May 19, 2019.
             Starved to death
             ... on level 5 of the Dungeon.
             The game lasted 00:10:11 (5399 turns).

MalarOregon the Poker (Merfolk Skald)               Turns: 5399, Time: 00:10:12

Health: 46/48      AC: 16    Str: 13      XL:     6   Next: 96%
Magic:  9/9        EV:  9    Int: 13      God:
Gold:   42         SH:  8    Dex: 12 (13) Spells: 3/9 levels left

rFire    x . .     SeeInvis .   a - +0 spear
rCold    + + +     Gourm    .   k - +0 shield
rNeg     . . .     Faith    .   g - +1 ice dragon scales
rPois    .         Spirit   .   t - +2 hat
rElec    .         Reflect  .   r - +1 cloak
rCorr    .         Harm     .   f - +0 pair of gloves
MR       +....                  (boots currently unavailable)
Stlth    +.........             p - amulet of the acrobat (curse)
HPRegen  0.16/turn              o - ring of protection from cold
MPRegen  0.11/turn              l - ring of protection from magic

@: fainting, very quick
A: change form in water, swift swim, stealthy swim
a: no special abilities


You were on level 5 of the Dungeon.
You were fainting.

You visited 1 branch of the dungeon, and saw 5 of its levels.

You collected 216 gold pieces.
You spent 174 gold pieces at shops.

Inventory:

Hand Weapons
 a - a +0 spear (weapon)
Armour
 f - a +0 pair of gloves (worn)
   (You found it on level 1 of the Dungeon)
 g - +1 ice dragon scales (worn)
   (You found it on level 1 of the Dungeon)
 k - a +0 shield (worn)
   (You found it on level 3 of the Dungeon)
 r - a +1 cloak (worn)
   (You found it on level 3 of the Dungeon)
 t - a +2 hat (worn)
   (You found it on level 3 of the Dungeon)
Jewellery
 c - an uncursed ring of flight
   (You found it on level 2 of the Dungeon)
 l - a ring of protection from magic (right hand)
   (You found it on level 4 of the Dungeon)
 o - a ring of protection from cold (left hand)
   (You found it on level 4 of the Dungeon)
 p - a cursed amulet of the acrobat (around neck)
   (You found it on level 3 of the Dungeon)
Scrolls
 b - 2 scrolls of magic mapping
 d - a scroll of identify {@r1}
 i - 2 scrolls of remove curse {@r2}
 m - a scroll of immolation {!r}
 q - 3 scrolls of teleportation {@r4}
 w - a scroll of enchant weapon {unknown}
Potions
 h - a potion of mutation {!q}
 j - a potion of curing {@q1}
 n - a potion of invisibility
 s - a potion of agility
 u - a potion of might
 v - a potion of flight {unknown}


   Skills:
 + Level 3.8 Fighting
 * Level 6.4 Polearms
 + Level 2.1 Armour
 + Level 4.5 Dodging
 * Level 2.3 Shields
 - Level 2.0 Spellcasting
 - Level 3.2 Charms


You had 3 spell levels left.
You knew the following spells:

 Your Spells              Type           Power        Failure   Level  Hunger
e - Regeneration          Chrm/Necr      #.........   100%        3    ####...
t - Spectral Weapon       Hex/Chrm       #.......     100%        3    ####...

Your spell library contained the following spells:

 Spells                   Type           Power        Failure   Level  Hunger
 Infusion                 Chrm           #...         91%         1    ##.....
 Song of Slaying          Chrm           #.......     97%         2    ###....
 Shroud of Golubria       Chrm/Tloc      #.........   100%        2    ###....


Dungeon Overview and Level Annotations

Branches:
Dungeon (5/15)
 Temple: D:4-7

Altars:
Ru
Wu Jian
Xom
The Shining One

Shops:
D:5 ?


Message History

You closely miss the hungry ghost.
You tail-slap the hungry ghost, but do no damage.
You barely miss the hungry ghost. You block the hungry ghost's attack.
You miss the hungry ghost. The hungry ghost hits you.
You feel somewhat more hungry.
Your shield and ice dragon scales prevent you from hitting the hungry ghost.
The hungry ghost hits you.
You are starving!
You aren't carrying any food.
You aren't carrying any food.
You closely miss the hungry ghost. The hungry ghost hits you.
You feel somewhat more hungry.
Your shield and ice dragon scales prevent you from hitting the hungry ghost.
You block the hungry ghost's attack.
You miss the hungry ghost.
Your tail-slap misses the hungry ghost.
You hit the hungry ghost but do no damage.
The hungry ghost closely misses you.
You closely miss the hungry ghost.
Your tail-slap misses the hungry ghost.
The hungry ghost closely misses you.
You miss the hungry ghost. The hungry ghost barely misses you.
You miss the hungry ghost. You block the hungry ghost's attack.
You closely miss the hungry ghost. The hungry ghost hits you.
You are fainting from starvation!
You hit the hungry ghost.
Your tail-slap misses the hungry ghost.
You miss the hungry ghost. The hungry ghost hits you.
You feel slightly more hungry.
You closely miss the hungry ghost. The hungry ghost hits you.
You feel slightly more hungry.
You hit the hungry ghost. The hungry ghost barely misses you.
You closely miss the hungry ghost.
You lose consciousness!
The hungry ghost hits you.
You feel slightly more hungry. The hungry ghost hits you.
You feel slightly more hungry. The hungry ghost hits you.
You feel slightly more hungry. The hungry ghost hits you.
You feel slightly more hungry. The hungry ghost hits you.
You feel slightly more hungry. The hungry ghost hits you.
You feel slightly more hungry. The hungry ghost hits you.
You feel slightly more hungry.
You can move again.
Unknown command.
You barely miss the hungry ghost. The hungry ghost hits you.
You feel slightly more hungry.
Your shield and ice dragon scales prevent you from hitting the hungry ghost.
Your tail-slap misses the hungry ghost.
The hungry ghost closely misses you.
You hit the hungry ghost.
You tail-slap the hungry ghost, but do no damage.
The hungry ghost hits you.
Your ice dragon scales prevents you from hitting the hungry ghost.
You have starved to death.
You die...

###....#......#[.≈≈##.#
#.P..≈###....###.÷≈..##.
.##.P≈≈#(.....#≈≈≈≈.##.P
P..P≈≈≈........≈≈≈≈...##
#..≈≈≈≈#......#≈≈≈≈.....P
.P.≈≈.###....###.≈≈..#.P.
##.≈≈≈≈#......#≈≈≈≈.#..##
.P..≈≈≈........≈≈≈≈....P
...P≈≈≈#......#≈@≈≈.?.##
#..≈≈.###....###W≈≈P...#
..P≈≈≈≈#......#≈≈≈.##.##
P.≈≈≈≈≈........≈≈.##
##P≈≈≈≈#......#≈≈≈.
....≈≈###....###≈#.#
##..P≈≈#......#.≈.##
###..≈≈.......≈≈#
###.≈......≈≈


You could see a hungry ghost.

Vanquished Creatures
  Blork the orc (D:4)
  A quasit (D:5)
  Terence (D:2)
  4 orc wizards
  4 gnolls (D:4)
  6 adders
  An adder skeleton (D:3)
  2 worms (D:2)
  3 dart slugs (D:1)
  2 leopard geckos (D:3)
  7 orcs
  A bat zombie (D:1)
  6 giant cockroaches
  5 goblins
  4 hobgoblins
  6 jackals
  2 quokkas
  9 bats
  2 frilled lizards
  A goblin skeleton (D:5)
  2 goblin zombies (D:5)
  2 hobgoblin zombies (D:5)
  6 kobolds
  A kobold skeleton (D:5)
  A leopard gecko zombie (D:1)
  An orc zombie (D:5)
  6 rats
87 creatures vanquished.

Notes
Turn   | Place    | Note
-------+----------+-------------------------------------------
     0 | D:1      | MalarOregon the Merfolk Skald began the quest for the Orb.
     0 | D:1      | Reached XP level 1. HP: 16/16 MP: 3/3
   245 | D:1      | Reached XP level 2. HP: 23/23 MP: 5/5
   668 | D:1      | Reached skill level 1 in Armour
  1180 | D:2      | Reached XP level 3. HP: 24/28 MP: 6/6
  1274 | D:2      | Reached skill level 4 in Polearms
  1758 | D:2      | Found a shimmering altar of Xom.
  1758 | D:2      | Found an ornate altar of the Wu Jian Council.
  1759 | D:2      | Found a sacrificial altar of Ru.
  2011 | D:2      | Noticed Terence
  2304 | D:2      | Killed Terence
  2304 | D:2      | Reached XP level 4. HP: 12/34 MP: 7/7
  2913 | D:3      | Reached skill level 5 in Polearms
  2992 | D:3      | Reached XP level 5. HP: 13/41 MP: 8/8
  3870 | D:3      | Learned a level 3 spell: Spectral Weapon
  3874 | D:3      | Learned a level 3 spell: Regeneration
  3914 | D:4      | Reached skill level 1 in Shields
  4273 | D:4      | Noticed Blork the orc
  4462 | D:4      | Killed Blork the orc
  4462 | D:4      | Reached XP level 6. HP: 40/47 MP: 9/9
  4561 | D:4      | Reached skill level 6 in Polearms
  5147 | D:5      | Entered Level 5 of the Dungeon
  5147 | D:5      | Found Kegrosepn's Magic Scroll Boutique.
  5155 | D:5      | Bought a scroll of magic mapping for 42 gold pieces
  5155 | D:5      | Bought a scroll of remove curse for 36 gold pieces
  5155 | D:5      | Bought a scroll of identify for 24 gold pieces
  5155 | D:5      | Bought 2 scrolls of teleportation for 72 gold pieces
  5196 | D:5      | Found a glowing golden altar of the Shining One.
  5341 | D:5      | Noticed a hungry ghost
  5389 | D:5      | Paralysed by fainting for 6 turns
  5399 | D:5      | Starved to death

Skill      XL: |  1  2  3  4  5  6 |
---------------+-------------------+-----
Dodging        | 3 4 |  4.5
Armour         | 1 2 |  2.1
Polearms       | 4 5 6 |  6.4
Fighting       | 3 |  3.8
Shields        | 1 2 |  2.3
Spellcasting   | |  2.0
Charms         | |  3.2

Action                   |  1- 3 |  4- 6 || total
-------------------------+-------+-------++-------
Melee: Spear             |   241 |   474 ||   715
       Tailslap          |       |     5 ||     5
  Use: Scroll            |       |    13 ||    13
       Potion            |       |     1 ||     1
  Eat: Chunk             |     4 |     7 ||    11
       Ration            |       |     3 ||     3
Armor: Leather armour    |     8 |       ||     8
       Ice dragon scales |    56 |   208 ||   264
Dodge: Dodged            |    71 |   116 ||   187
Block: Shield            |       |   136 ||   136
